 Dungeon Crawl Stone Soup version 0.25-a0-578-gc91f01c39c (webtiles) character file.

Game seed: 17705101704587259272, levelgen mode: deterministic

121042 Lugonue the Eclecticist (level 16, 0/73 HPs)
             Began as a Felid Venom Mage on Mar 2, 2020.
             Was an Elder of Sif Muna.
             Killed from afar by a deep elf elementalist (20 damage)
             ... with a fireball
             ... on level 3 of the Elven Halls on Mar 3, 2020.
             The game lasted 02:54:33 (47321 turns).

Lugonue the Eclecticist (Felid Venom Mage)         Turns: 47321, Time: 02:54:34

Health: 0/73       AC:  3    Str:  4      XL:     16   Next: 1%
Magic:  14/30      EV: 34    Int: 31 (32) God:    Sif Muna [****..]
Gold:   1384       SH:  4    Dex: 23 (24) Spells: 6/48 levels left
                                        Lives:  0   Deaths: 5

rFire    + . .     SeeInvis +     - Unarmed
rCold    + . .     Gourm    .   (shield unavailable)
rNeg     . . .     Faith    .   (armour unavailable)
rPois    +         Spirit   .   (helmet unavailable)
rElec    .         Reflect  .   (cloak unavailable)
rCorr    .         Harm     .   (gloves unavailable)
MR       ++++.                  (boots unavailable)
Stlth    ++++......             C - amulet "Doefeivole" {Acrobat MR+ Int+6 Dex+3 Stlth-}
HPRegen  0.22/turn              t - +5 ring of evasion
MPRegen  0.22/turn              E - ring of Fun {rF+ Str+2 Int+3 Dex+4}

@: brilliant, noxious spew, quick
A: very small, no armour, no weapons or thrown items, stealth, claws 1, fangs 3,
large bone plates 1, see invisible, carnivore, deterioration 1, speed 1, low mp
2, magic resistance 1, poison resistance, screaming 1, shaggy fur 3, slow
metabolism 1, weak 1, sharp paws
}: 1/15 runes: gossamer
a: Channel Magic, Forget Spell, Divine Exegesis, Renounce Religion


You were on level 3 of the Elven Halls.
You worshipped Sif Muna.
Sif Muna was greatly pleased with you.
You were full.

You visited 6 branches of the dungeon, and saw 30 of its levels.
You also visited: Ice Cave.

You collected 2803 gold pieces.
You spent 1419 gold pieces at shops.

Inventory:

Jewellery
 h - a +3 ring of protection
 k - an uncursed ring of protection from fire
 s - an uncursed ring of positive energy
 t - a +5 ring of evasion (left paw)
 u - a +6 ring of dexterity
 C - the amulet "Doefeivole" (around neck) {Acrobat MR+ Int+6 Dex+3 Stlth-}
   (You found it in an ice cave)

   [amulet of the acrobat]

   It helps you evade while moving and waiting.
   It affects your intelligence (+6).
   It affects your dexterity (+3).
   It affects your resistance to hostile enchantments.
   It makes you less stealthy.
 E - the ring of Fun (right paw) {rF+ Str+2 Int+3 Dex+4}
   (You bought it in a shop on level 1 of the Elven Halls)

   [ring of dexterity]

   It affects your strength (+2).
   It affects your intelligence (+3).
   It affects your dexterity (+4).
   It protects you from fire.
 M - a +3 ring of protection
Wands
 e - a wand of paralysis (52)
 n - a wand of polymorph (25)
 p - a wand of iceblast (2)
 A - a wand of flame (41)
 B - a wand of acid (14)
 J - a wand of enslavement (12)
Scrolls
 f - 5 scrolls of teleportation
 g - 13 scrolls of remove curse
 m - 4 scrolls of immolation
 q - 4 scrolls of fog
 v - 11 scrolls of identify
 y - 2 scrolls of vulnerability
 G - 3 scrolls of amnesia
 I - a scroll of magic mapping
 K - a scroll of fear
 L - a scroll of summoning
Potions
 a - 6 potions of ambrosia
 c - a potion of heal wounds
 d - 11 potions of curing
 i - 3 potions of brilliance
 j - 2 potions of stabbing
 l - 2 potions of flight
 o - 2 potions of might
 r - 3 potions of haste
 w - 4 potions of resistance
 x - a potion of invisibility
Miscellaneous
 F - a lamp of fire
Comestibles
 b - 38 rations


   Skills:
 - Level 10.4 Fighting
 - Level 10.7 Dodging
 - Level 8.3 Stealth
 - Level 8.8 Unarmed Combat
 - Level 16.7 Spellcasting
 - Level 3.2 Conjurations
 + Level 9.7 Summonings
 - Level 10.0 Transmutations
 - Level 4.5 Fire Magic
 - Level 8.0 Air Magic
 - Level 5.9 Earth Magic
 - Level 10.0 Poison Magic
 - Level 6.4 Invocations
 - Level 1.7 Evocations


You had 6 spell levels left.
You knew the following spells:

 Your Spells              Type           Power        Failure   Level  Hunger
a - Apportation           Tloc           #####.       1%          1    None
b - Poisonous Vapours     Pois/Air       ######       1%          2    None
c - Olgreb's Toxic Radia  Pois           #######.     1%          4    None
d - Ignite Poison         Fire/Tmut/Pois #######.     1%          3    None
e - Mephitic Cloud        Conj/Pois/Air  #######.     1%          3    None
f - Passwall              Tmut/Erth      #######.     1%          2    None
g - Statue Form           Tmut/Erth      #######..    10%         6    None
h - Irradiate             Conj/Tmut      #######...   3%          5    None
i - Eringya's Noxious Bo  Tmut/Pois      #######...   4%          6    None
j - Stone Arrow           Conj/Erth      ######       1%          3    None
k - Spellforged Servitor  Conj/Summ      #######...   67%         7    None

Your spell library contained the following spells:

 Spells                   Type           Power        Failure   Level  Hunger
 Beastly Appendage        Tmut           ######       1%          1    None
 Freeze                   Ice            ####         1%          1    None
 Infusion                 Chrm           ####         1%          1    None
 Sting                    Tmut/Pois      ####         1%          1    None
 Summon Butterflies       Summ           #######.     1%          1    None
 Summon Small Mammal      Summ           ####         1%          1    None
 Corpse Rot               Necr/Air       N/A          1%          2    None
 Searing Ray              Conj           ######       1%          2    None
 Call Canine Familiar     Summ           #######.     1%          3    None
 Conjure Flame            Conj/Fire      ######..     1%          3    None
 Spider Form              Tmut/Pois      #######...   1%          3    None
 Static Discharge         Conj/Air       ######..     1%          3    None
 Petrify                  Tmut/Erth      #######.     1%          4    None
 Alistair's Intoxication  Tmut/Pois      #######.     1%          5    None
 Aura of Abjuration       Summ           #######...   1%          5    None
 Ensorcelled Hibernation  Hex/Ice        #####.       2%          2    None
 Shroud of Golubria       Chrm/Tloc      #####.       2%          2    None
 Song of Slaying          Chrm           #####...     2%          2    None
 Sticky Flame             Conj/Fire      ######..     3%          4    None
 Confusing Touch          Hex            #####...     4%          3    None
 Gell's Gravitas          Tloc           #####.....   4%          3    None
 Ozocubu's Armour         Chrm/Ice       #####...     4%          3    None
 Tukima's Dance           Hex            #####...     4%          3    None
 Hydra Form               Tmut           #######...   4%          6    None
 Shadow Creatures         Summ           N/A          4%          6    None
 Summon Forest            Summ/Tloc      ######....   6%          5    None
 Summon Mana Viper        Hex/Summ       ######..     6%          5    None
 Yara's Violent Unravell  Hex/Tmut       ######....   6%          5    None
 Bolt of Magma            Conj/Fire/Erth ######....   7%          5    None
 Fireball                 Conj/Fire      ######....   10%         5    None
 Iskenderun's Battlesphe  Conj/Chrm      ######..     24%         5    None
 Iron Shot                Conj/Erth      ######....   36%         6    None
 Metabolic Englaciation   Hex/Ice        #####.....   41%         5    None
 Freezing Cloud           Conj/Ice/Air   ######....   47%         6    None
 Dragon Form              Tmut           #######...   22%         7    None
 Monstrous Menagerie      Summ           #######...   26%         7    None
 Summon Greater Demon     Summ           #######...   26%         7    None
 Summon Hydra             Summ           #######...   26%         7    None
 Malign Gateway           Summ/Tloc      ######....   88%         7    None
 Summon Horrible Things   Summ           #######...   89%         8    None
 Orb of Destruction       Conj           ######....   98%         7    None
 Ring of Flames           Chrm/Fire      ######....   99%         7    None
 Chain Lightning          Conj/Air       ######....   100%        8    None
 Death's Door             Chrm/Necr      #####.....   100%        8    None
 Disjunction              Tloc           #####.....   100%        8    None
 Tornado                  Air            #######...   100%        9    None
 Spectral Weapon          Hex/Chrm       Unusable     N/A         3    N/A

Dungeon Overview and Level Annotations

Branches:
Dungeon (14/15)            Temple (1/1) D:5            Lair (6/6) D:9
  Swamp (0/4) Lair:2       Spider (4/4) Lair:4        Slime (0/5) Lair:5
    Orc (2/2) D:10            Elf (3/3) Orc:2        Vaults (0/5) D:14
  IceCv (visited)

Altars:
Ashenzari
Cheibriados
Dithmenos
Elyvilon
Fedhas
Gozag
Hepliaklqana
Kikubaaqudgha
Makhleb
Nemelex Xobeh
Okawaru
Qazlal
Ru
Sif Muna
Trog
Uskayaw
Vehumet
Wu Jian
Xom
Yredelemnul
Zin
The Shining One
Beogh
Jiyva

Shops:
D:9 ?!%*[   D:12 [   Orc:2 [[}[   Elf:1 =}}

Annotations:
D:4 3 runed translucent doors, Flugslaktarn's ghost, amateur MiFi
D:7 exclusions: hellwing and zombie
D:8 2 transporters, Tenz's ghost, novice TrTm
D:13 1 runed translucent door, Yxuheg's ghost, journeyman TrMo
D:14 Nessos; Rupert
Lair:5 exclusion: 2 oklob plants
Elf:3 1 runed translucent door, Woxeumim's ghost, adept MiFi


Innate Abilities, Weirdness & Mutations

You cannot wear armour.
You are incapable of wielding weapons or throwing items.
Your paws allow you to move quietly. (Stealth)
You have sharp claws.
You have razor-sharp teeth.
You have supernaturally acute eyesight. (SInv)
You are carnivorous and can eat meat at any time.
You cover ground quickly.
Your thick and shaggy fur keeps you warm. (AC +3, rC+)
You have a slow metabolism.
Your sharp claws are effective at attacking unaware monsters.
You are partially covered in large bone plates. (SH +4)
Your body sometimes deteriorates upon taking damage.
Your magical capacity is very low. (-20% MP)
You are resistant to hostile enchantments. (MR+)
Your system is resistant to poisons. (rPois)
You occasionally shout uncontrollably at your foes.
You are weak. (Str -2)


Message History

Press: ? - help, Dir - move target cursor A rock wall.
You feel a surge of power!
You are engulfed in freezing vapours.
You resist.
The deep elf elementalist is engulfed in freezing vapours.
You begin to meditate on the wall.
You continue meditating on the rock.
You are engulfed in freezing vapours.
You resist.
The deep elf elementalist is engulfed in freezing vapours. x2
You continue meditating on the rock.
You are engulfed in freezing vapours.
You resist.
The deep elf elementalist festers in the toxic bog.
The deep elf elementalist looks as sick as possible!
You continue meditating on the rock.
You are engulfed in freezing vapours.
You resist.
* * * LOW HITPOINT WARNING * * *
Your body deteriorates!
You feel clumsy.
The deep elf elementalist festers in the toxic bog!
The deep elf elementalist looks as sick as possible!
The deep elf elementalist gestures at you while chanting.
The fireball explodes!
The fireball engulfs you!! You resist.
You die...

..))#####....#'## ##'. ....#
#..####.## ##.## ....# ####
##.## ##.## ..### ##)## ##)##
### #### ##.## #####)## #
#####..# ##.###.##.## ##
#......# ### ##(##.#)## #(
#.)(...###°#####'...## #.
###...§§≈.[e≈@°°°°○(..#######.
##...).)..##°######)....'..^.(.
###..[.....##### ##.)8..######.
#...[).##### #...<...# ##
#...).## #.......# #.#)###
####'######### ###)# #.# #[...
#[# #.# #W≈≈≈ #(# #.# #?...


You could see a deep elf elementalist.

Vanquished Creatures
  Jorgrun (D:12)
  2 deep elf blademasters
  A deep elf master archer (Elf:3)
  A frost giant (IceCv)
  A deep elf sorcerer (Elf:3)
  An orc warlord (Elf:2)
  3 ghost moths
  An emperor scorpion (Spider:4)
  A deep elf elementalist (Elf:3)
  2 entropy weavers
  4 deep elf demonologists (Elf:3)
  3 deep elf annihilators (Elf:3)
  2 spark wasps (Spider:4)
  Snorg (Orc:1)
  4 deep elf death magi (Elf:3)
  2 deep elf high priests
  Erolcha (Orc:2)
  Fannar (Lair:2)
  Harold (D:9)
  7 hydras
  8 two-headed ogres
  2 catoblepae
  24 dancing weapons
  6 death yaks (Lair:6)
  A small abomination (Elf:2)
  An orc high priest (Orc:2)
  Urug (Lair:5)
  14 deep elf knights
  A large abomination (Elf:2)
  A skeletal warrior (D:14)
  10 deep elf archers
  16 orb spiders
  2 ugly things
  50 deep elf magi
  A shining eye (shapeshifter) (Elf:3)
  5 orc sorcerers
  13 wolf spiders
  2 orc knights
  2 moths of wrath (Spider:4)
  2 cyclopes
  5 manticores
  A black mamba (Lair:6)
  3 centaur zombies
  Psyche (D:12)
  An ice statue (IceCv)
  A torpor snail (Lair:3)
  8 spiny frogs
  11 demonic crawlers
  4 rime drakes
  4 komodo dragons
  26 jumping spiders
  9 hornets
  6 trolls
  Grinder (D:5)
  A tyrant leech (Lair:2)
  11 polar bears
  6 blink frogs
  2 slime creatures
  7 dream sheep (Lair:5)
  6 hippogriffs
  42 redbacks
  A shadow (D:12)
  5 air elementals
  2 wraiths
  22 tarantellas
  59 yaks
  5 water elementals
  2 basilisks
  2 wyverns
  A human (D:11)
  A golden eye (shapeshifter) (Elf:2)
  3 hogs (D:11)
  Menkaure (D:6)
  3 hungry ghosts
  A swamp worm (Lair:2)
  A warg (Orc:1)
  Edmund (D:5)
  7 water moccasins
  2 black bears
  5 porcupines
  28 orc warriors
  A sky beast (D:11)
  2 ice beasts
  A phantom (D:9)
  7 ogres
  3 necrophages
  2 eyes of draining (D:9)
  28 wolves
  4 centaurs
  3 big kobolds
  9 crocodiles
  16 bullfrogs
  4 gnoll sergeants
  2 earth elementals
  A wyvern skeleton (D:10)
  7 scorpions
  A water moccasin skeleton (D:4)
  14 killer bees
  7 wights
  3 howler monkeys
  5 electric eels
  10 crimson imps
  9 hounds
  9 jellies
  A quasit (D:7)
  A bullfrog zombie (D:10)
  Crazy Yiuf (D:4)
  20 orc priests
  33 orc wizards
  A bullfrog skeleton (D:9)
  4 centaur skeletons
  5 iguanas
  8 worker ants
  A killer bee zombie (D:8)
  3 hound skeletons
  3 worker ant zombies
  20 gnolls
  15 adders
  2 shadow imps
  13 white imps
  An ooze (D:4)
  3 adder skeletons
  3 worms (D:2)
  A dart slug (D:2)
  5 leopard geckos
  77 orcs
  2 ball pythons
  7 giant cockroaches
  A goblin (D:2)
  5 hobgoblins
  6 jackals
  12 kobolds
  3 quokkas
  5 bats
  3 frilled lizards
  2 quokka skeletons (D:4)
  9 rats
934 creatures vanquished.

Vanquished Creatures (others)
  Asterion (Spider:3)
  A deep elf blademaster (Elf:3)
  A deep elf master archer (Elf:3)
  A deep elf sorcerer (Elf:3)
  An emperor scorpion (Spider:4)
  2 hydras
  2 catoblepae (Lair:6)
  6 death yaks (Lair:6)
  2 deep elf knights (Elf:3)
  A deep elf archer (Elf:3)
  3 orb spiders
  17 wolf spiders
  3 deep elf magi
  A torpor snail (Lair:3)
  4 spiny frogs
  4 demonic crawlers
  4 jumping spiders
  7 polar bears
  15 redbacks
  7 tarantellas
  A basilisk (Lair:1)
  13 yaks
  3 water moccasins
  2 wolves (IceCv)
  2 giant cockroaches (Elf:3)
  19 fungi
  18 plants
141 creatures vanquished.

Grand Total: 1075 creatures vanquished

Notes
Turn   | Place    | Note
-------+----------+-------------------------------------------
     0 | D:1      | Lugonue the Felid Venom Mage began the quest for the Orb.
     0 | D:1      | Reached XP level 1. HP: 7/7 MP: 4/4
   187 | D:2      | Reached XP level 2. HP: 9/11 MP: 6/6
   192 | D:2      | Learned a level 2 spell: Poisonous Vapours
   788 | D:2      | Reached XP level 3. HP: 13/14 MP: 5/7
   871 | D:2      | Reached skill level 1 in Fighting
  1753 | D:3      | Found a faded altar of an unknown god.
  1790 | D:3      | Reached XP level 4. HP: 19/19 MP: 8/8
  1795 | D:3      | Learned a level 3 spell: Ignite Poison
  2632 | D:4      | Reached skill level 3 in Spellcasting
  2632 | D:4      | Reached XP level 5. HP: 22/22 MP: 0/10
  2696 | D:4      | Learned a level 4 spell: Olgreb's Toxic Radiance
  2724 | D:4      | Reached skill level 1 in Unarmed Combat
  2819 | D:4      | Reached skill level 1 in Air Magic
  3095 | D:4      | Found a runed translucent door.
  3096 | D:4      | Noticed Crazy Yiuf
  3270 | D:4      | Killed Crazy Yiuf
  3270 | D:4      | Gained mutation: You are covered in thick fur. (AC +2)
                  | [Felid growth]
  3270 | D:4      | Reached XP level 6. HP: 27/27 MP: 5/12
  3336 | D:4      | Found a runed translucent gate.
  3337 | D:4      | Found a runed translucent gate.
  3338 | D:4      | Found a runed translucent gate.
  3340 | D:4      | Noticed Flugslaktarn's ghost (amateur MiFi)
  3675 | D:4      | Reached skill level 4 in Spellcasting
  3877 | D:4      | Reached XP level 7. HP: 31/31 MP: 9/14
  4227 | D:5      | Entered Level 5 of the Dungeon
  4556 | D:5      | Noticed Edmund
  4560 | D:5      | Killed Edmund
  4671 | D:5      | Found a sacrificial altar of Ru.
  4890 | D:5      | Noticed Grinder
  4904 | D:5      | Paralysed by Grinder for 6 turns
  4911 | D:5      | Killed Grinder
  4911 | D:5      | Reached skill level 5 in Spellcasting
  4911 | D:5      | Reached XP level 8. HP: 22/36 MP: 6/16
  5063 | D:5      | Found a staircase to the Ecumenical Temple.
  5075 | Temple   | Entered the Ecumenical Temple
  6116 | D:7      | Reached skill level 6 in Spellcasting
  6355 | D:7      | Noticed a hellwing
  6376 | D:7      | Slain by a wolf spider zombie
  6377 | D:7      | Reached XP level 7. HP: 0/33 MP: 17/17
  6496 | D:7      | Reached XP level 8. HP: 36/36 MP: 10/18
  6657 | D:7      | Found a hazy altar of Hepliaklqana.
  6709 | D:7      | Found a burning altar of Makhleb.
  6713 | D:7      | Found a hide-covered altar of Uskayaw.
  6714 | D:7      | Found an opulent altar of Gozag.
  6716 | D:7      | Found a sacrificial altar of Ru.
  6717 | D:7      | Found a stormy altar of Qazlal.
  6718 | D:7      | Found a shimmering blue altar of Sif Muna.
  6719 | D:7      | Found a shattered altar of Ashenzari.
  6720 | D:7      | Found an iron altar of Okawaru.
  6722 | D:7      | Became a worshipper of Sif Muna the Loreminder
  6742 | D:7      | Reached skill level 5 in Poison Magic
  6768 | D:7      | Found a shadowy altar of Dithmenos.
  6830 | D:6      | Noticed Menkaure
  6835 | D:6      | Killed Menkaure
  6835 | D:6      | Reached skill level 5 in Fighting
  7369 | D:6      | Learned a level 3 spell: Mephitic Cloud
  7992 | D:8      | Noticed a two-headed ogre
  8195 | D:8      | Reached skill level 7 in Spellcasting
  8195 | D:8      | Reached skill level 5 in Stealth
  8195 | D:8      | Reached XP level 9. HP: 40/40 MP: 12/20
  8369 | D:8      | Found a transporter.
  8383 | D:8      | Noticed a moth of wrath
  8389 | D:8      | Found a transporter.
  8468 | D:8      | Noticed Tenz's ghost (novice TrTm)
  8525 | D:8      | Reached * piety under Sif Muna
  8596 | D:8      | Found a bloodstained altar of Trog.
  8596 | D:8      | Noticed a two-headed ogre
  8965 | D:8      | Killed a two-headed ogre
  8965 | D:8      | Reached skill level 5 in Dodging
  9135 | D:8      | Reached skill level 8 in Spellcasting
 10044 | D:9      | Reached skill level 5 in Unarmed Combat
 10151 | D:9      | Found Itwara's Distillery.
 10157 | D:9      | Bought a potion of curing for 33 gold pieces
 10157 | D:9      | Bought a potion of curing for 33 gold pieces
 10181 | D:9      | Found Ebloesol's Food Emporium.
 10182 | D:9      | Noticed a two-headed ogre
 10185 | D:9      | Noticed Harold
 10194 | D:9      | Killed a two-headed ogre
 10194 | D:9      | Reached XP level 10. HP: 45/45 MP: 7/23
 10276 | D:9      | Reached ** piety under Sif Muna
 10276 | D:9      | Noticed a two-headed ogre
 10282 | D:9      | Killed Harold
 10282 | D:9      | Reached skill level 1 in Fire Magic
 10433 | D:9      | Found Pikam's Assorted Antiques.
 10441 | D:9      | Bought a scroll labeled UNLEOPSASM for 33 gold pieces
 10443 | D:9      | Gained mutation: You are partially covered in icy blue
                  | scales. (AC +2) [potion of mutation]
 10443 | D:9      | Gained mutation: Your flesh is heat resistant. (rF+)
                  | [potion of mutation]
 10443 | D:9      | Gained mutation: Your system is resistant to poisons.
                  | (rPois) [potion of mutation]
 10526 | D:9      | Found a staircase to the Lair.
 10575 | D:9      | Found Fyn Zoal's Antique Armour Shop.
 10594 | D:9      | Reached skill level 9 in Spellcasting
 10923 | D:9      | Killed a two-headed ogre
 11193 | D:9      | Found Mioj's Magic Scroll Emporium.
 11349 | D:10     | Entered Level 10 of the Dungeon
 11503 | D:10     | Noticed a green ugly thing
 11879 | D:10     | Found a staircase to the Orcish Mines.
 11975 | D:10     | Found a roughly hewn altar of Beogh.
 11992 | D:10     | Reached *** piety under Sif Muna
 12114 | D:10     | Noticed a two-headed ogre
 12122 | D:10     | Killed a two-headed ogre
 12122 | D:10     | Reached XP level 11. HP: 49/50 MP: 14/25
 12503 | D:10     | Noticed a two-headed ogre
 12508 | D:10     | Killed a two-headed ogre
 12508 | D:10     | Reached skill level 10 in Spellcasting
 12606 | D:10     | Killed a green ugly thing
 12693 | Orc:1    | Entered Level 1 of the Orcish Mines
 13123 | Orc:2    | Entered Level 2 of the Orcish Mines
 13164 | Orc:2    | Noticed Snorg
 13510 | Orc:1    | Killed Snorg
 13660 | Orc:2    | Reached **** piety under Sif Muna
 13869 | Orc:2    | Noticed Erolcha
 13875 | Orc:2    | Killed Erolcha
 14057 | Orc:2    | Found a staircase to the Elven Halls.
 14096 | Orc:2    | Noticed an orc high priest
 14098 | Orc:2    | Noticed a sun demon
 14100 | Orc:2    | Killed an orc high priest
 14100 | Orc:2    | Reached skill level 11 in Spellcasting
 14100 | Orc:2    | Noticed an orc sorcerer
 14226 | Orc:2    | Killed an orc sorcerer
 14522 | Orc:2    | Noticed an orc sorcerer
 14526 | Orc:2    | Killed an orc sorcerer
 14768 | Orc:2    | Found Menakoil's Antique Armour Boutique.
 14769 | Orc:2    | Found Docei's Armour Boutique.
 14770 | Orc:2    | Found Letaemat's Gadget Shop.
 14777 | Orc:2    | Found Muro's Antique Armour Shop.
 14799 | Orc:2    | Noticed an orc knight
 14803 | Orc:2    | Noticed an orc sorcerer
 14804 | Orc:2    | Gained mutation: Your thick and shaggy fur keeps you warm.
                  | (AC +3, rC+) [Felid growth]
 14804 | Orc:2    | Reached XP level 12. HP: 55/55 MP: 17/28
 14840 | Orc:2    | Reached skill level 5 in Transmutations
 15019 | Orc:2    | Reached skill level 5 in Air Magic
 15315 | Orc:2    | Found a radiant altar of Vehumet.
 15614 | Elf:1    | Entered Level 1 of the Elven Halls
 16062 | D:11     | Reached ***** piety under Sif Muna
 16247 | D:11     | Reached skill level 12 in Spellcasting
 16306 | D:11     | Found a viscous altar of Jiyva.
 16325 | D:11     | Identified Sif Muna's Incunabulum of Transformation and
                  | Calling (Sif Muna gifted it to you on level 11 of the
                  | Dungeon)
 16325 | D:11     | Received a gift from Sif Muna
 16934 | D:11     | Learned a level 2 spell: Passwall
 16941 | D:11     | Learned a level 6 spell: Hydra Form
 17381 | D:11     | Gained mutation: Your body sometimes deteriorates upon
                  | taking damage. [miscasting Hydra Form]
 17695 | D:12     | Reached XP level 13. HP: 60/60 MP: 10/30
 17695 | D:12     | Reached skill level 1 in Conjurations
 18266 | D:12     | Noticed Psyche
 18271 | D:12     | Killed Psyche
 18398 | D:12     | Found Xugihor's Antique Armour Shoppe.
 18401 | D:12     | Noticed Jorgrun
 18421 | D:12     | Killed from afar by Jorgrun
 18422 | D:12     | Reached XP level 12. HP: -18/56 MP: 13/29
 18438 | D:12     | Killed Jorgrun
 18438 | D:12     | Reached skill level 13 in Spellcasting
 18538 | D:12     | Gained mutation: Your spells are a little easier to cast,
                  | but a little less powerful. [mutagenic glow]
 18778 | D:12     | Upgraded the game from 0.25-a0-577-ga4619f409e to
                  | 0.25-a0-578-gc91f01c39c
 18974 | D:13     | Noticed a catoblepas
 19021 | D:13     | Killed a catoblepas
 19747 | D:13     | Found a runed translucent door.
 19753 | D:13     | Noticed Yxuheg's ghost (journeyman TrMo)
 19796 | D:13     | Identified Sif Muna's Guide on Creative Transmutation (Sif
                  | Muna gifted it to you on level 13 of the Dungeon)
 19796 | D:13     | Received a gift from Sif Muna
 19806 | D:13     | Learned a level 5 spell: Irradiate
 20403 | D:14     | Found a gate to the Vaults.
 20403 | D:14     | Noticed Rupert
 20403 | D:14     | Noticed Nessos
 20485 | D:14     | Slain by a skeletal warrior
 20486 | D:14     | Reached XP level 11. HP: -5/54 MP: 25/29
 20551 | D:14     | Reached skill level 1 in Invocations
 20706 | D:14     | Noticed a two-headed ogre
 20711 | D:14     | Killed a two-headed ogre
 20869 | D:14     | Killed a skeletal warrior
 21027 | D:14     | Noticed a centaur warrior
 21314 | Elf:1    | Noticed a deep elf mage
 21318 | Elf:1    | Killed a deep elf mage
 21318 | Elf:1    | Reached XP level 12. HP: 58/58 MP: 30/30
 22066 | D:9      | Learned a level 6 spell: Eringya's Noxious Bog
 22075 | Lair:1   | Entered Level 1 of the Lair of Beasts
 23408 | Lair:2   | Reached skill level 10 in Fighting
 23571 | Lair:2   | Noticed an eight-headed hydra
 23580 | Lair:2   | Killed an eight-headed hydra
 23695 | Lair:2   | Noticed a five-headed hydra
 23701 | Lair:2   | Noticed an eight-headed hydra
 23704 | Lair:2   | Killed a five-headed hydra
 23745 | Lair:2   | Killed an eight-headed hydra
 23949 | Lair:2   | Found a staircase to the Swamp.
 24045 | Lair:2   | Noticed Fannar
 24051 | Lair:2   | Killed Fannar
 24256 | Lair:3   | Noticed a four-headed hydra
 24266 | Lair:3   | Learned a level 3 spell: Stone Arrow
 24273 | Lair:3   | Killed a four-headed hydra
 24314 | Lair:3   | Received a gift from Sif Muna
 24314 | Lair:3   | Reached skill level 14 in Spellcasting
 24347 | Lair:3   | Found a frozen archway.
 24470 | IceCv    | Entered an ice cave
 24550 | IceCv    | Reached XP level 13. HP: 61/61 MP: 24/32
 26123 | IceCv    | Noticed a frost giant
 26440 | IceCv    | Killed a frost giant
 26684 | IceCv    | Got a coiled graven amulet
 26685 | IceCv    | Identified the amulet "Doefeivole" {Acrobat MR+ Int+6 Dex+3
                  | Stlth-} (You found it in an ice cave)
 26802 | IceCv    | Lost mutation: Your flesh is heat resistant. (rF+) [potion
                  | of mutation]
 26802 | IceCv    | Lost mutation: You are partially covered in icy blue
                  | scales. (AC +2) [potion of mutation]
 26802 | IceCv    | Gained mutation: You are resistant to hostile enchantments.
                  | (MR+) [potion of mutation]
 26802 | IceCv    | Gained mutation: Your magical capacity is low. (-10% MP)
                  | [potion of mutation]
 26802 | IceCv    | Gained mutation: Your body often deteriorates upon taking
                  | damage. [potion of mutation]
 26802 | IceCv    | Gained mutation: Your muscles are strong. (Str +2) [potion
                  | of mutation]
 26803 | IceCv    | Lost mutation: Your body often deteriorates upon taking
                  | damage. [potion of mutation]
 26803 | IceCv    | Lost mutation: Your body sometimes deteriorates upon taking
                  | damage. [potion of mutation]
 26803 | IceCv    | Gained mutation: You are somewhat resistant to further
                  | mutation. [potion of mutation]
 26803 | IceCv    | Gained mutation: You are highly resistant to hostile
                  | enchantments. (MR++) [potion of mutation]
 26804 | IceCv    | Lost mutation: You are highly resistant to hostile
                  | enchantments. (MR++) [potion of mutation]
 26804 | IceCv    | Lost mutation: You are somewhat resistant to further
                  | mutation. [potion of mutation]
 26804 | IceCv    | Lost mutation: Your muscles are strong. (Str +2) [potion of
                  | mutation]
 26804 | IceCv    | Gained mutation: You are partially covered in large bone
                  | plates. (SH +4) [potion of mutation]
 26804 | IceCv    | Gained mutation: You are agile. (Dex +2) [potion of
                  | mutation]
 27768 | Lair:4   | Reached skill level 10 in Poison Magic
 27840 | Lair:4   | Reached skill level 1 in Earth Magic
 28129 | Lair:4   | Found a hole to the Spider Nest.
 29139 | Lair:5   | Identified Sif Muna's Almanac of Talismans (Sif Muna gifted
                  | it to you on level 5 of the Lair of Beasts)
 29139 | Lair:5   | Received a gift from Sif Muna
 29151 | Lair:5   | Learned a level 6 spell: Statue Form
 29413 | Lair:5   | Noticed Urug
 29430 | Lair:5   | Killed Urug
 29729 | Lair:5   | Found a viscous altar of Jiyva.
 29729 | Lair:5   | Found a staircase to the Slime Pits.
 30128 | Lair:6   | Entered Level 6 of the Lair of Beasts
 30369 | Lair:6   | Reached skill level 5 in Invocations
 30493 | Lair:6   | Lost mutation: Your spells are a little easier to cast, but
                  | a little less powerful. [miscasting Statue Form]
 30677 | Lair:6   | Reached XP level 14. HP: 37/66 MP: 21/30
 31723 | Lair:6   | Found the +4 dagger "Morg" {pain, MR+ Int+5}
 33042 | Spider:1 | Entered Level 1 of the Spider Nest
 33439 | Spider:1 | Noticed an entropy weaver
 33448 | Spider:1 | Killed an entropy weaver
 34709 | Spider:2 | Identified Sif Muna's Volume of Flight and Summoning (Sif
                  | Muna gifted it to you on level 2 of the Spider Nest)
 34709 | Spider:2 | Received a gift from Sif Muna
 34769 | Spider:2 | Noticed an entropy weaver
 35060 | Spider:2 | Killed an entropy weaver
 36617 | Spider:3 | Reached skill level 15 in Spellcasting
 37554 | Spider:3 | Noticed Asterion
 37587 | Spider:3 | Killed Asterion
 37825 | Spider:3 | Reached skill level 10 in Transmutations
 38494 | Spider:4 | Entered Level 4 of the Spider Nest
 39126 | Spider:4 | Reached XP level 15. HP: 69/69 MP: 6/31
 39551 | Spider:4 | Reached skill level 5 in Earth Magic
 39551 | Spider:4 | Reached XP level 16. HP: 73/73 MP: 32/32
 41608 | Spider:4 | Reached skill level 1 in Evocations
 42044 | Spider:4 | Got a gossamer rune of Zot
 42694 | Elf:1    | Reached skill level 16 in Spellcasting
 43023 | Elf:1    | Lost mutation: You are agile. (Dex +2) [a neqoxec]
 43083 | Elf:1    | Found Farph's Gadget Shop.
 43084 | Elf:1    | Found Lezov's Jewellery Shoppe.
 43086 | Elf:1    | Found Naka's Gadget Shop.
 43093 | Elf:1    | Bought the ring of Fun {rF+ Str+2 Int+3 Dex+4} for 824 gold
                  | pieces
 43101 | Elf:1    | Bought a wand of paralysis (11) for 208 gold pieces
 43101 | Elf:1    | Bought a wand of acid (5) for 288 gold pieces
 43240 | Elf:1    | Identified Sif Muna's Catalogue of Conjuration and
                  | Transmutation (Sif Muna gifted it to you on level 1 of the
                  | Elven Halls)
 43240 | Elf:1    | Received a gift from Sif Muna
 43264 | Elf:1    | Identified Sif Muna's Guide on the Glacier
 43482 | Elf:1    | You fall into a shaft and drop 1 floor!
 43483 | Elf:2    | Noticed a deep elf blademaster
 43492 | Elf:2    | Found a huge runed translucent gate.
 43492 | Elf:2    | Found a huge runed translucent gate.
 43492 | Elf:2    | Found a huge runed translucent gate.
 43492 | Elf:2    | Found a huge runed translucent gate.
 43492 | Elf:2    | Found a huge runed translucent gate.
 43864 | Elf:2    | Reached skill level 10 in Dodging
 44005 | Elf:2    | Reached XP level 17. HP: 32/77 MP: 7/34
 44008 | Elf:2    | HP: 3/100 [+1 battleaxe of freezing (7)]
 44015 | Elf:2    | Killed a deep elf blademaster
 44024 | Elf:2    | Killed from afar by a deep elf knight
 44025 | Elf:2    | Reached XP level 16. HP: -14/94 MP: 1/33
 44311 | Elf:2    | Identified the Catalogue of Companions
 44318 | Elf:2    | Identified Sif Muna's Arcane Arts, Part Three
 44328 | Elf:2    | Learned a level 7 spell: Spellforged Servitor
 44362 | Elf:2    | Reached skill level 1 in Summonings
 44408 | Elf:2    | Found a roughly hewn altar of Beogh.
 44669 | Elf:3    | Entered Level 3 of the Elven Halls
 44723 | Elf:3    | Identified Sif Muna's Disquisition on Unstable Battle Magic
                  | (Sif Muna gifted it to you on level 3 of the Elven Halls)
 44723 | Elf:3    | Received a gift from Sif Muna
 44731 | Elf:3    | Learned a level 1 spell: Apportation
 44742 | Elf:3    | Gained mutation: Your body sometimes deteriorates upon
                  | taking damage. [a shining eye]
 44744 | Elf:3    | Gained mutation: You are weak. (Str -2) [a shining eye]
 44745 | Elf:3    | Gained mutation: You occasionally shout uncontrollably at
                  | your foes. [a shining eye]
 44748 | Elf:3    | Gained mutation: Your magical capacity is very low. (-20%
                  | MP) [a shining eye]
 44819 | Elf:3    | Reached skill level 5 in Summonings
 44934 | Elf:3    | Found a runed translucent door.
 44936 | Elf:3    | Noticed Woxeumim's ghost (adept MiFi)
 45090 | Elf:3    | Noticed a deep elf blademaster
 45095 | Elf:3    | Noticed a deep elf blademaster
 45095 | Elf:3    | Killed a deep elf blademaster
 45105 | Elf:3    | Killed a deep elf blademaster
 45110 | Elf:3    | Killed from afar by a deep elf elementalist
 45111 | Elf:3    | Reached XP level 15. HP: -3/91 MP: 6/29
 45811 | Elf:3    | Noticed a Hell Sentinel
 45812 | Elf:3    | Noticed an Executioner
 46176 | Elf:3    | Identified the cursed +3 rapier of the Peculiar Queens
                  | {freeze, Int+4}
 46177 | Elf:3    | Noticed a deep elf master archer
 46192 | Elf:3    | Killed a deep elf master archer
 46258 | Elf:3    | Identified a scroll of acquirement
 46334 | Elf:3    | Noticed a Hell Sentinel
 46505 | Elf:3    | Noticed a Tzitzimitl
 47056 | Elf:3    | Noticed a deep elf master archer
 47066 | Elf:3    | Killed a deep elf master archer
 47202 | Elf:3    | Noticed a deep elf sorcerer
 47216 | Elf:3    | Killed a deep elf sorcerer
 47221 | Elf:3    | Reached XP level 16. HP: 73/73 MP: 14/30
 47321 | Elf:3    | Killed from afar by a deep elf elementalist

Levels and vault maps discovered:
D:1:      dpeg_arrival_long_road, layout_basic, minmay_cut_off
D:2:      layout_basic, minmay_pentomino_z4
D:3:      layout_basic, chequers_ecumenical_altar_simple_redux
D:4:      kennysheep_spiral_hall, layout_cave_pools, first_ration,
          ebering_ghost_rock_garden, corexii_checkpoint_b,
          uniq_crazy_yiuf_cottage
D:5:      layout_basic, temple_green, nicolae_ru_sacrificial_ziggurat,
          uniq_grinder, uniq_edmund
D:6:      layout_loops_ring, serial_bayou_pond_a, uniq_menkaure
D:7:      cheibrodos_grave_circle, layout_loops_cross, minitemple
D:8:      layout_basic, gammafunk_ghost_wrathful_warriors
D:9:      layout_loops_ring, david_lair_shrubbed, serial_shops, shop_statue,
          shop, shop, nicolae_shop_crystal,
          nicolae_shop_temple_entry_statues_fountains, uniq_harold
D:10:     layout_stronghold, minmay_orc_entry_temple_small
D:11:     layout_basic, grunt_livestock, jiyva_altar_1
D:12:     layout_irregular_city, serial_shops, shop, uniq_jorgrun, uniq_psyche
D:13:     layout_loops_corners, hellmonk_ghost_happy_afterlife, serial_glass,
          glass_columns_a, glass_columns_c, grunt_ministairs_1
D:14:     layout_grid_maze, david_vaults_3, minmay_staircase_windowed_large
Temple:   nicolae_temple_no_exploring_needed
Lair:1:   layout_regular_city, lemuel_fruit_fields
Lair:2:   layout_gridlike, palyth_hydra_swamp_entry, uniq_fannar
Lair:3:   layout_regular_city, portal_ice_cave_entry_imps,
          nicolae_quartered_pool_little, hangedman_lair_generics_rect
Lair:4:   layout_hall_layers, spider_nest_entry_rubble,
          chequers_serial_rivers_marsh, grunt_megastairs_4, uniq_rupert
Lair:5:   layout_regular_city, dpeg_slime_entry_enclosed_altar,
          minmay_lair_oklob_chamber, uniq_urug
Lair:6:   evilmike_catoblepas_cave, layout_long_grid, grunt_megastairs_3,
          serial_bayou_shore_a
Spider:1: layout_spider_delve
Spider:2: layout_spider_delve, nicolae_crawler_farm
Spider:3: layout_chambers, uniq_asterion
Spider:4: grunt_spider_rune_parallel
Orc:1:    layout_caves
Orc:2:    st_orc_mages, layout_caves, basic_altar, uniq_erolcha, uniq_snorg
Elf:1:    eino_elf_arrival_customs, layout_onion_city, evilmike_minifort,
          drop_trap, nicolae_elf_stone_circles, minmay_shop_grove
Elf:2:    layout_geoelf_grid, special_room [special_room_orc],
          minmay_elf_demonology
Elf:3:    elf_hall, layout_geoelf_octagon, ebering_ghost_reflecting_pool

Skill      XL: |  1  2  3  4  5  6  7  8  9 10 11 12 13 14 15 16 17 |
---------------+----------------------------------------------------+-----
Dodging        | 3 4 5 6 7 10 | 10.7
Poison Magic   | 3 4 5 6 7 9 10 | 10.0
Fighting       | 1 2 3 5 6 7 8 10 | 10.4
Stealth        | 3 4 5 6 7 8 |  8.3
Spellcasting   | 3 4 5 7 8 9 11 14 15 16 | 16.7
Unarmed Combat | 1 2 3 4 5 6 7 8 |  8.8
Air Magic      | 1 3 4 5 6 7 8 |  8.0
Transmutations | 2 3 4 6 5 8 10 | 10.0
Fire Magic     | 1 2 3 4 |  4.5
Conjurations   | 1 2 3 |  3.2
Invocations    | 1 3 5 6 |  6.4
Earth Magic    | 1 2 5 |  5.9
Evocations     | 1 |  1.7
Summonings     | 9 6 |  9.7

Action                   |  1- 3 |  4- 6 |  7- 9 | 10-12 | 13-15 | 16-18 || total
-------------------------+-------+-------+-------+-------+-------+-------++-------
Melee: Unarmed           |    45 |    77 |   324 |   371 |   171 |   314 ||  1302
       Bite              |     2 |     7 |    36 |    29 |    14 |    36 ||   124
       Punch             |       |       |     8 |     5 |     5 |    13 ||    31
 Cast: Sting             |    21 |    14 |    73 |    70 |    19 |     5 ||   202
       Poisonous Vapours |    18 |    20 |    62 |   185 |   231 |    60 ||   576
       Olgreb's Toxic Ra |       |     3 |    14 |    77 |    55 |    37 ||   186
       Ignite Poison     |       |       |    28 |   116 |   120 |    32 ||   296
       Mephitic Cloud    |       |       |     8 |    44 |    30 |     5 ||    87
       Irradiate         |       |       |       |     2 |     1 |    22 ||    25
       Eringya's Noxious |       |       |       |    11 |    84 |    18 ||   113
       Passwall          |       |       |       |     7 |     7 |     3 ||    17
       Hydra Form        |       |       |       |     7 |     1 |       ||     8
       Stone Arrow       |       |       |       |     1 |    54 |     8 ||    63
       Statue Form       |       |       |       |       |     9 |    35 ||    44
       Apportation       |       |       |       |       |       |     1 ||     1
Invok: Forget Spell      |       |       |       |       |     1 |     1 ||     2
       Channel Magic     |       |       |       |       |     1 |     3 ||     4
 Abil: End Transformatio |       |       |       |     2 |     3 |     9 ||    14
Evoke: Wand              |       |       |       |     5 |    22 |     9 ||    36
       Lamp of fire      |       |       |       |       |       |     1 ||     1
  Use: Scroll            |     7 |     1 |     9 |    10 |    12 |     6 ||    45
       Potion            |       |       |     2 |    14 |     9 |     6 ||    31
 Stab: Sleeping          |     6 |     4 |    16 |    12 |     9 |     8 ||    55
       Distracted        |       |     1 |     1 |       |     1 |     1 ||     4
       Confused          |       |       |       |     8 |     1 |     3 ||    12
       Paralysed         |       |       |       |     5 |       |     1 ||     6
  Eat: Chunk             |     2 |    14 |    22 |    38 |    35 |    23 ||   134
       Ration            |       |       |     2 |     2 |     8 |       ||    12
Armor: Skin              |     4 |    11 |    46 |    35 |    36 |   170 ||   302
Dodge: Dodged            |    64 |    80 |   328 |   446 |   507 |   787 ||  2212
Block: Other             |       |       |       |       |    81 |   103 ||   184

Table legend:
 A = Non-vault XP
 B = Vault XP
 C = Vault XP percentage of total XP
 D = Non-vault monster count
 E = Vault monster count
 F = Vault count percentage of total count
                 A         B        C        D         E       F
            +---------+---------+-------+---------+---------+-------
      Total |  140102 |  118316 |  45.8 |     686 |     304 |  30.7
            +---------+---------+-------+---------+---------+-------
        D:1 |       8 |       0 |   0.0 |       5 |       0 |   0.0
        D:2 |      70 |      17 |  19.5 |      22 |       3 |  12.0
        D:3 |      21 |       0 |   0.0 |       6 |       0 |   0.0
        D:4 |     501 |     154 |  23.5 |      25 |       5 |  16.7
        D:5 |     469 |     443 |  48.6 |      12 |       2 |  14.3
        D:6 |     950 |     175 |  15.6 |      25 |       1 |   3.8
        D:7 |     951 |       0 |   0.0 |      18 |       0 |   0.0
        D:8 |    2435 |       0 |   0.0 |      35 |       0 |   0.0
        D:9 |    3274 |    1345 |  29.1 |      35 |       2 |   5.4
       D:10 |    4052 |     476 |  10.5 |      36 |      11 |  23.4
       D:11 |    7794 |    1358 |  14.8 |      63 |       9 |  12.5
       D:12 |    7494 |    3604 |  32.5 |      35 |       2 |   5.4
       D:13 |    2745 |    1287 |  31.9 |      17 |       7 |  29.2
       D:14 |    3058 |       0 |   0.0 |      11 |       0 |   0.0
     Lair:1 |     955 |       0 |   0.0 |       6 |       0 |   0.0
     Lair:2 |    2809 |    2800 |  49.9 |      18 |       6 |  25.0
     Lair:3 |    2335 |    1177 |  33.5 |       8 |      18 |  69.2
     Lair:4 |    1259 |    1931 |  60.5 |       5 |       6 |  54.5
     Lair:5 |    6403 |    1447 |  18.4 |      29 |       3 |   9.4
     Lair:6 |    5560 |    7677 |  58.0 |      16 |      24 |  60.0
   Spider:1 |    4881 |       0 |   0.0 |      15 |       0 |   0.0
   Spider:2 |    8874 |    1559 |  14.9 |      35 |       7 |  16.7
   Spider:3 |    5984 |    3886 |  39.4 |      21 |       2 |   8.7
   Spider:4 |   17687 |   16646 |  48.5 |      52 |      42 |  44.7
      Orc:1 |    1359 |    1129 |  45.4 |      19 |       1 |   5.0
      Orc:2 |    2798 |    5610 |  66.7 |      39 |      32 |  45.1
      Elf:1 |   21936 |    2378 |   9.8 |      36 |       4 |  10.0
      Elf:2 |    8697 |   33822 |  79.5 |      16 |      51 |  76.1
      Elf:3 |   14743 |   20541 |  58.2 |      26 |      18 |  40.9
      IceCv |       0 |    8854 | 100.0 |       0 |      48 | 100.0
            +---------+---------+-------+---------+---------+-------
